AoeStats
← xXLuisVeraXx

Nomad

510025833Analyzed
4v4 RM · 5d ago on Sep 29, 2026· 69m 45s· 8 players
Game mode
Random Map
Map size
231×231
Population
200
Speed
Normal
Resources
Standard
Victory
Conquest
Starting age
Dark Age
Ending age
Imperial Age
RankedLock teamsTeams togetherTeam positionsShared explorationLock speedFull tech treeHidden civsTurbo modeCheats
Victory
Defeat
🇲🇽 Slavs · Mexico
824
+14
🇨🇳 Celts · China
790
+15
🇪🇨 Burmese · Ecuador
779
+16
🇺🇸 Persians · United States
778
+16
🇺🇸 Vikings · United States
865
-20
🇺🇸 Persians · United States
795
-16
🇺🇸 Britons · United States
718
-13
🇺🇸 Byzantines · United States
706
-12
carlosschupnik
5:47 Loom
24:17 Feudal Age
26:03 Feudal Age
45:58 Town Watch
50:58 Wheelbarrow
50:28 Fishing Lines
TheFox
18:41 Feudal Age
26:34 Castle Age
27:57 Fletching
28:08 Padded Archer Armor
28:09 Pikeman
32:13 Double-Bit Axe
42:18 Fishing Lines
42:14 Light Cavalry
59:32 Imperial Age
61:33 Imperial Age
59:29 Bow Saw
Jonda
6:45 Loom
15:02 Feudal Age
23:02 Castle Age
22:13 Forging
21:46 Man-at-Arms
23:57 Crossbowman
31:56 Iron Casting
35:33 Fletching
38:25 Town Watch
48:52 Imperial Age
47:10 Double-Bit Axe
47:27 Scale Mail Armor
49:24 Town Patrol
50:00 Horse Collar
51:06 Chieftains
52:24 Blast Furnace
52:12 Conscription
52:14 Heavy Plow
51:43 Pikeman
52:24 Squires
52:15 Arson
52:55 Elite Varangian Guard
55:26 Bodkin Arrow
58:23 Gold Mining
xXLuisVeraXx
8:29 Loom
22:13 Feudal Age
30:44 Castle Age
D4RKK
6:55 Loom
16:21 Feudal Age
18:22 Fishing Lines
18:29 Double-Bit Axe
19:41 Stone Mining
19:42 Gold Mining
22:08 Man-at-Arms
35:34 Castle Age
37:27 Kamandaran
37:42 Gillnets
39:49 Horse Collar
40:54 Bloodlines
40:44 Husbandry
41:00 Crossbowman
42:09 Padded Archer Armor
43:22 Thumb Ring
44:42 Stone Shaft Mining
47:18 Wheelbarrow
50:51 Imperial Age
50:17 Heavy Plow
52:45 Hand Cart
51:56 Elite War Elephant
52:59 Scale Barding Armor
53:09 Leather Archer Armor
57:56 Ring Archer Armor
57:37 Forging
57:27 Scale Mail Armor
61:17 Medium Warships
63:01 Ballistics
63:42 Chemistry
62:39 Murder Holes
63:16 Conscription
63:25 Heavy Warships
67:06 Gold Shaft Mining
66:47 Elite Cannon Galleon
69:31 Fletching
70:03 Chain Barding Armor
69:59 Chain Mail Armor
70:19 Iron Casting
Neoikana
5:55 Loom
23:08 Feudal Age
Breyder25
5:52 Loom
17:21 Feudal Age
23:07 Castle Age
22:10 Gold Mining
22:51 Scale Barding Armor
22:43 Stone Mining
23:10 Forging
23:30 Bloodlines
28:33 Husbandry
31:56 Iron Casting
35:46 Light Cavalry
39:12 Fletching
54:32 Wheelbarrow
55:13 Gold Shaft Mining
56:24 Hand Cart
56:56 Town Watch
61:57 Imperial Age
59:51 Demolition Ship
61:24 Horse Collar
62:23 Town Patrol
64:52 Chain Barding Armor
65:33 Blast Furnace
65:47 Hussar
66:30 Heavy Plow
68:44 Plate Barding Armor
69:12 Medium Warships
69:59 Bodkin Arrow
70:05 Padded Archer Armor
Nick76Luo
5:00 Loom
15:38 Feudal Age
16:23 Double-Bit Axe
16:30 Gold Mining
18:14 Fishing Lines
20:41 Castle Age
21:56 Bow Saw
22:32 Gillnets
25:09 Wheelbarrow
26:14 Stone Mining
27:28 Gold Shaft Mining
27:48 Hand Cart
27:20 Town Watch
27:52 Hand Cart
28:59 Stone Shaft Mining
28:10 Horse Collar
29:20 Heavy Plow
33:50 Imperial Age
31:21 Town Patrol
32:05 Arson
32:26 Pikeman
33:08 Scale Mail Armor
33:18 Forging
32:59 Fletching
35:30 Iron Casting
35:10 Chain Mail Armor
35:25 Ballistics
35:16 Masonry
35:01 Murder Holes
35:08 Devotion
35:04 Herbal Medicine
35:08 Bodkin Arrow
35:24 Stronghold
35:13 Halberdier
35:17 Heavy Scorpion
35:18 Capped Ram
36:03 Capped Ram
39:29 Conscription
38:40 Sappers
39:45 Hoardings
39:37 Siege Ram
40:17 Onager
52:46 Cavalier
53:29 Husbandry
52:49 Light Cavalry
54:35 Blast Furnace
54:06 Plate Mail Armor
53:42 Scale Barding Armor
55:24 Hussar
55:31 Hussar
59:55 Spies/Treason
60:48 Furor Celtica
60:00 Elite Woad Raider
Connection lost

Rejoining the realm…

Still unreachable

The connection could not be restored.

Session expired

The server has moved on; the page needs a fresh start.